 Dungeon Crawl Stone Soup version 0.28-a0-863-g8cecda6153 (webtiles) character file.

Game seed: 1323359774917829402

9368 ytrimaz the Cleaver (level 11, 0/89 HPs)
             Began as a Formicid Fighter on Nov 17, 2021.
             Was a Believer of Cheibriados.
             Succumbed to a deep elf pyromancer's poison
             ... on level 12 of the Dungeon.
             The game lasted 00:14:49 (10315 turns).

ytrimaz the Cleaver (Formicid Fighter)             Turns: 10315, Time: 00:14:50

Health: 0/89       AC: 22    Str: 28    XL:     11   Next: 73%
Magic:  13/13      EV: 18    Int: 14    God:    Cheibriados [**....]
Gold:   368        SH: 10    Dex: 18    Spells: 10/10 levels left

rFire   + . .      SeeInvis +   z - +8 executioner's axe of Dust {drain, Fly rCorr}
rCold   . . .      Faith    .   c - +0 buckler
rNeg    . . .      Spirit   .   d - +2 plate armour {rF+}
rPois   .          Reflect  +   (helmet unavailable)
rElec   .          Harm     .   u - +0 cloak
rCorr   +          Rampage  .   e - +1 pair of gloves {Dex+3}
Will    +....      Clarity  +   n - +0 pair of boots
Stlth   ..........              w - amulet of reflection
HPRegen 0.24/turn               f - +4 ring of evasion
MPRegen 0.13/turn               q - +4 ring of evasion

@: lethally poisoned (0 -> -29), flying, very slow
A: permanent stasis, dig shafts and tunnels, antennae 3, four strong arms,
clarity, shaggy fur 1
a: Dig, Shaft Self, Renounce Religion, Bend Time


You were on level 12 of the Dungeon.
You worshipped Cheibriados.
Cheibriados was pleased with you.
You visited 2 branches of the dungeon, and saw 11 of its levels.

You collected 544 gold pieces.
You spent 176 gold pieces at shops.

Inventory:

Hand Weapons
 a - a +1 war axe
 z - the +8 executioner's axe of Dust (weapon) {drain, Fly rCorr}
   (You acquired it on level 12 of the Dungeon)

   A truly terrible weapon, it drains the life of any living foe it strikes.
   Fly:       It grants you flight.
   rCorr:     It protects you from acid and corrosion.
Missiles
 i - 3 javelins
 p - 14 poisoned darts (quivered)
 r - 5 atropa-tipped darts
 x - 2 throwing nets
Armour
 c - a +0 buckler (worn)
 d - a +2 plate armour of fire resistance (worn)
 e - a +1 pair of gloves of dexterity (worn)
 n - a +0 pair of boots (worn)
 u - a +0 cloak (worn)
Jewellery
 f - a +4 ring of evasion (left hand)
 k - an amulet of the acrobat
 q - a +4 ring of evasion (right hand)
 s - a ring of magical power
 v - a ring of ice
 w - an amulet of reflection (around neck)
Wands
 y - a wand of iceblast (16)
Scrolls
 b - 2 scrolls of identify
 g - 2 scrolls of holy word
 h - a scroll of fear
 o - 4 scrolls of fog
 t - a scroll of magic mapping
Potions
 j - a potion of magic
Miscellaneous
 l - a phantom mirror


   Skills:
 * Level 9.0 Fighting
 + Level 12.7 Axes
 + Level 8.5 Armour
 - Level 5.0 Dodging
 - Level 3.6 Shields
 * Level 3.8 Invocations


You had 10 spell levels left.
You didn't know any spells.
Your spell library contained the following spells:

 Spells                   Type           Power      Damage    Failure   Level
 Foxfire                  Conj/Fire      0%         2x1d4     95%         1
 Pain                     Necr           0%         1d4       95%         1
 Call Canine Familiar     Summ           0%         N/A       100%        3
 Conjure Flame            Conj/Fire      0%         6-21      100%        3
 Ignite Poison            Fire/Tmut/Pois 0%         N/A       100%        3
 Inner Flame              Hex/Fire       0%         N/A       100%        3
 Portal Projectile        Hex/Tloc       0%         N/A       100%        3
 Flame Wave               Conj/Fire      0%         3d3       100%        4
 Leda's Liquefaction      Hex/Erth       0%         N/A       100%        4
 Sticky Flame             Conj/Fire      0%         2d3       100%        4
 Summon Lightning Spire   Summ/Air       0%         N/A       100%        4
 Agony                    Necr           0%         N/A       100%        5
 Excruciating Wounds      Necr           0%         N/A       100%        5
 Storm Form               Tmut/Air       0%         N/A       100%        7
 Maxwell's Capacitive Co  Air            0%         ∞         100%        8


Dungeon Overview and Level Annotations

Branches:
Dungeon (9/15)             Temple (1/1) D:7            Lair (0/6) D:8
    Orc (0/2) D:9

Altars:
Ashenzari
Cheibriados
Dithmenos
Elyvilon
Fedhas
Gozag
Hepliaklqana
Kikubaaqudgha
Makhleb
Nemelex Xobeh
Okawaru
Qazlal
Ru
Sif Muna
Trog
Uskayaw
Vehumet
Wu Jian
Xom
Yredelemnul
Zin
The Shining One
Beogh

Shops:
D:4 =!

Annotations:
D:9 Harold


Innate Abilities, Weirdness & Mutations

You cannot be hasted, slowed, berserked, paralysed or teleported.
You can dig through walls and to a lower floor.
You have a pair of large antennae on your head. (SInv)
Your four strong arms can wield two-handed weapons with a shield.
You possess an exceptional clarity of mind.
You are covered in fur. (AC +1)


Message History

The deep elf pyromancer completely misses you.
You slash the green ugly thing!
The green ugly thing is lightly wounded.
You slash the deep elf pyromancer! You drain the deep elf pyromancer.
You feel extremely sick. The green ugly thing misses you.
The deep elf pyromancer hits you with a +2 trident of venom!
You are lethally poisoned!
The green ugly thing tail-slaps you!
You carve the green ugly thing like a ham!!!
The green ugly thing is severely wounded.
You slash the deep elf pyromancer!
You kill the deep elf pyromancer!
Cheibriados appreciates the change of pace.
You feel extremely sick.
You block the green ugly thing's attack.
Okay, then.
Okay, then.
You slice the green ugly thing!! You drain the green ugly thing.
You kill the green ugly thing!
Cheibriados appreciates the change of pace.
* * * LOW HITPOINT WARNING * * *
You feel extremely sick.
Your Fighting skill increases to level 9!
Unknown command.
Unknown command.
* * * LOW HITPOINT WARNING * * *
You feel extremely sick.
Unknown command.
Okay, then.
Really quaff the potion of mutation?
Okay, then.
Really quaff the potion of mutation?
You feel extremely strange. Fur sprouts all over your body.
Your thoughts seem clearer.
* * * LOW HITPOINT WARNING * * *
You feel very sick.
Unknown command.
There is a lethal amount of poison in your body!
You die...

.... ..≈≈.....#
.......
.........##...e...
...........###.#.
...........#
......##...#
...... #...#
...... #.).#
.≈.... #...# ...
#..@# #...#
....... #.###...#.
#...#.# #...# #
#...# #####


There were no monsters in sight!

Vanquished Creatures
  Gastronok (D:8)
  2 two-headed ogres
  3 deep elf pyromancers
  A cyclops (D:7)
  An ugly thing (D:12)
  A manticore (D:12)
  A gargoyle (D:7)
  Prince Ribbit (D:9)
  A slime creature (D:7)
  A vampire (D:8)
  A basilisk (D:12)
  Menkaure (D:4)
  4 water moccasins
  2 ice beasts (D:7)
  4 orc warriors
  3 sky beasts
  2 ogres
  2 necrophages
  4 centaurs
  A phantom (D:7)
  3 kobold brigands
  3 scorpions
  5 bullfrogs
  A gnoll sergeant (D:7)
  2 water moccasin zombies
  4 killer bees (D:8)
  2 wights (D:7)
  2 howler monkeys
  A centaur zombie (D:5)
  A bullfrog zombie (D:6)
  7 orc priests
  A centaur skeleton (D:7)
  A jelly (D:7)
  Jessica (D:2)
  An iguana (D:4)
  7 orc wizards
  2 killer bee zombies
  2 howler monkey zombies
  3 gnolls
  A howler monkey skeleton (D:7)
  6 adders
  2 shadow imps
  A white imp (D:5)
  An ufetubus (D:7)
  A worm (D:2)
  2 dart slugs
  24 orcs
  10 endoplasms
  7 giant cockroaches
  5 goblins
  6 hobgoblins
  4 jackals (D:2)
  5 quokkas
  7 ball pythons
  9 bats
  4 frilled lizards
  15 kobolds
  3 rats
199 creatures vanquished.

Vanquished Creatures (others)
  A centaur zombie (D:7)
  2 fungi (D:8)
  11 plants
14 creatures vanquished.

Grand Total: 213 creatures vanquished

Notes
Turn   | Place    | Note
-------+----------+-------------------------------------------
     0 | D:1      | ytrimaz the Formicid Fighter began the quest for the Orb.
     0 | D:1      | Reached XP level 1. HP: 18/18 MP: 1/1
    47 | D:1      | Reached XP level 2. HP: 24/24 MP: 2/2
   556 | D:1      | Reached XP level 3. HP: 26/30 MP: 3/3
  1266 | D:2      | Noticed Jessica
  1329 | D:2      | Killed Jessica
  1330 | D:2      | Reached skill level 3 in Axes
  1330 | D:2      | Reached skill level 1 in Dodging
  1330 | D:2      | Reached XP level 4. HP: 29/37 MP: 4/4
  2220 | D:3      | Reached XP level 5. HP: 30/42 MP: 5/5
  3095 | D:2      | Reached skill level 4 in Axes
  3095 | D:2      | Reached XP level 6. HP: 31/48 MP: 6/6
  3376 | D:4      | Found Weunurch's Jewellery Boutique.
  3451 | D:4      | Noticed Menkaure
  3462 | D:4      | Killed Menkaure
  3463 | D:4      | Reached XP level 7. HP: 46/55 MP: 7/7
  3544 | D:4      | Noticed a water moccasin
  3550 | D:4      | Killed a water moccasin
  3551 | D:4      | Reached skill level 5 in Axes
  3743 | D:4      | You fall into a shaft and drop 1 floor!
  3743 | D:5      | Entered Level 5 of the Dungeon
  3761 | D:5      | Reached skill level 5 in Armour
  4005 | D:4      | Found Xacish's Distillery.
  4013 | D:4      | Bought a potion of curing for 33 gold pieces
  4013 | D:4      | Bought a potion of heal wounds for 55 gold pieces
  4013 | D:4      | Bought a potion of mutation for 88 gold pieces
  4246 | D:5      | Found a sacrificial altar of Ru.
  4500 | D:5      | Reached skill level 6 in Axes
  4500 | D:5      | Reached XP level 8. HP: 34/61 MP: 8/8
  5395 | D:6      | Reached skill level 7 in Axes
  5448 | D:6      | Reached skill level 5 in Fighting
  5457 | D:6      | Found a shadowy altar of Dithmenos.
  5926 | D:7      | Reached XP level 9. HP: 68/68 MP: 9/9
  6177 | D:7      | Found a staircase to the Ecumenical Temple.
  6303 | D:7      | Reached skill level 8 in Axes
  6383 | Temple   | Entered the Ecumenical Temple
  6697 | Temple   | Became a worshipper of Cheibriados the Contemplative
  7191 | D:7      | Reached skill level 9 in Axes
  7255 | D:7      | Reached skill level 5 in Dodging
  7266 | D:7      | Noticed a cyclops
  7272 | D:7      | Killed a cyclops
  7273 | D:7      | Reached skill level 10 in Axes
  7273 | D:7      | Reached XP level 10. HP: 40/77 MP: 10/10
  7284 | D:7      | Noticed a gargoyle
  7299 | D:7      | Killed a gargoyle
  7641 | D:7      | Reached * piety under Cheibriados
  7651 | D:7      | Noticed a deep elf pyromancer
  7651 | D:7      | Noticed a two-headed ogre
  7664 | D:7      | Reached skill level 11 in Axes
  7675 | D:6      | Killed a two-headed ogre
  7947 | D:7      | Killed a deep elf pyromancer
  8619 | D:8      | Noticed a two-headed ogre
  8645 | D:8      | Killed a two-headed ogre
  8646 | D:8      | Reached XP level 11. HP: 44/84 MP: 4/11
  8819 | D:8      | Found a radiant altar of Vehumet.
  8913 | D:8      | Found a staircase to the Lair.
  9096 | D:8      | Reached skill level 1 in Invocations
  9097 | D:8      | Reached ** piety under Cheibriados
  9155 | D:8      | Noticed Gastronok
  9190 | D:8      | Killed Gastronok
  9191 | D:8      | Reached skill level 12 in Axes
  9781 | D:9      | Noticed Prince Ribbit
  9802 | D:9      | Killed Prince Ribbit
  9854 | D:9      | Found a hide-covered altar of Uskayaw.
  9901 | D:9      | Found a staircase to the Orcish Mines.
  9937 | D:9      | Noticed Harold
  9948 | D:9      | You fall into a shaft and drop 3 floors!
 10108 | D:12     | Noticed a deep elf pyromancer
 10129 | D:12     | Killed a deep elf pyromancer
 10264 | D:12     | Identified a scroll of acquirement
 10264 | D:12     | Acquired the +8 executioner's axe of Dust {drain, Fly
                  | rCorr}
 10285 | D:12     | Noticed a manticore
 10296 | D:12     | Killed a manticore
 10301 | D:12     | Noticed a deep elf pyromancer
 10302 | D:12     | Noticed a green ugly thing
 10311 | D:12     | Killed a deep elf pyromancer
 10312 | D:12     | Killed a green ugly thing
 10314 | D:12     | Gained mutation: You are covered in fur. (AC +1) [potion of
                  | mutation]
 10314 | D:12     | Gained mutation: You possess an exceptional clarity of
                  | mind. [potion of mutation]
 10315 | D:12     | Succumbed to a deep elf pyromancer's poison

Illustrated notes

Levels and vault maps discovered:
D:1:      saegor_arrival_simple_d, layout_loops_ring
D:2:      layout_basic, minmay_misc_feat_secret_circle, minmay_tromino_v4_c,
          uniq_jessica
D:3:      layout_loops_cross, roderic_roman_lattice, kennysheep_orc_chapel
D:4:      layout_gridville, serial_glass, glass_columns_a, glass_columns_b,
          glass_columns_c, glass_columns_a, glass_columns_b, serial_shops,
          shop_statue, minmay_shop_enchanted_jewellery, corexii_corridor_pit,
          minmay_statues_item, uniq_menkaure
D:5:      layout_basic, overflow_temple_1_default, feat_on_display
D:6:      layout_gridville, grunt_dithmenos_smoke
D:7:      nzn_winding_woodlands_stair_cross [nzn_winding_woodlands_5x15_default,
          nzn_winding_woodlands_center_garden,
          nzn_winding_woodlands_5x15_parted, nzn_winding_woodlands_hourglass,
          nzn_winding_woodlands_5x5_three, nzn_winding_woodlands_5x15_eye,
          nzn_winding_woodlands_center_triple_pond,
          nzn_winding_woodlands_5x15_pockets], layout_loops_ring,
          minmay_temple_entry_statues, nicolae_concentric_dashed_squares_wild
D:8:      layout_loops_cross, old_standard_altar, dpeg_oklobed_lair,
          uniq_gastronok
D:9:      layout_big_octagon, nicolae_uskayaw_murder_on_the_dancefloor,
          david_orc_2, serial_shops, shop, nicolae_elevator_lobby_plus,
          uniq_erica, uniq_prince_ribbit1, uniq_harold
D:12:     layout_basic, minmay_misc_feat_ornament
Temple:   dpeg_five_rooms_temple

Skill      XL: |  1  2  3  4  5  6  7  8  9 10 11 |
---------------+----------------------------------+-----
Axes           | 3 4 6 7 10 11 12 | 12.7
Dodging        | 1 2 3 5 |  5.0
Fighting       | 4 5 6 7 9 |  9.0
Armour         | 4 5 6 7 8 |  8.5
Invocations    | 3 |  3.8
Shields        | |  3.6

Action                   |  1- 3 |  4- 6 |  7- 9 | 10-12 || total
-------------------------+-------+-------+-------+-------++-------
Melee: War axe           |    99 |   106 |   286 |   275 ||   766
       Executioner's axe |       |       |       |    11 ||    11
Throw: Throwing net      |       |       |       |     1 ||     1
       Dart              |       |       |       |     2 ||     2
Invok: Bend Time         |       |       |       |     3 ||     3
 Abil: Dig               |       |       |     1 |       ||     1
       Shaft Self        |       |       |       |     1 ||     1
  Use: Scroll            |     2 |     3 |     5 |     2 ||    12
       Potion            |       |     1 |     3 |     8 ||    12
 Stab: Held in net/web   |       |       |       |     1 ||     1
Armor: Scale mail        |    64 |    32 |    67 |    20 ||   183
       Plate armour      |       |       |       |    52 ||    52
Dodge: Dodged            |   107 |    67 |   246 |   246 ||   666
Block: Buckler           |    34 |    23 |    65 |    75 ||   197

Table legend: (Time is in decaauts)
 A = Elapsed time spent in this place.
 B = Non-inter-level travel time spent in this place.
 C = Inter-level travel time spent in this place.
 D = Time resting spent in this place.
 E = Time spent auto-exploring this place.
 F = Levels seen in this place.
 G = Mean time per level.
                   A        B        C        D        E       F      G
               +--------+--------+--------+--------+--------+-----+--------+
         Total |  10937 |  10514 |    423 |   1947 |   6527 |  11 |  994.3 |
       Dungeon |  10556 |  10253 |    303 |   1947 |   6279 |  10 | 1055.6 |
        Temple |    381 |    261 |    120 |      0 |    248 |   1 |  381.0 |
               +--------+--------+--------+--------+--------+-----+--------+

Top non-repeatable levels by time:
     D:7: 2166 daAuts
     D:8: 1524 daAuts
     D:2: 1442 daAuts
     D:6: 1126 daAuts
     D:1: 1063 daAuts
     D:5: 935 daAuts
     D:3: 836 daAuts
     D:4: 834 daAuts
    D:12: 404 daAuts
  Temple: 381 daAuts
     D:9: 222 daAuts
